[Event "Late-Titled-Tuesday-Blitz-February-20-2024"]
[Site "Chess.com"]
[Date "2024.02.20"]
[Round "10"]
[White "ExchangeAB"]
[Black "krzyzan94"]
[Result "0-1"]
[WhiteElo "2486"]
[BlackElo "2779"]
[TimeControl "180+1"]
[EndTime "15:54:58 PST"]
[Termination "krzyzan94 won by resignation"]

1. d4 Nf6 2. Nf3 e6 3. c3 c5 4. e3 Nc6 5. Nbd2 b6 6. Bd3 Bb7 7. O-O Qc7 8. e4 d6 9. a3 Be7 10.
Qe2 Nd7 11. Re1 a5 12. Nf1 h6 13. Ng3 g5 14. d5 Nce5 15. Nxe5 Nxe5 16. dxe6 fxe6 17.
Bb5+ Bc6 18. Qh5+ Kd7 19. Bxc6+ Qxc6 20. Be3 Raf8 21. Rad1 Kc7 22. Qe2 g4 23. b4 h5 24.
bxa5 bxa5 25. Rb1 h4 26. Nf1 h3 27. Qb5 Qxb5 28. Rxb5 hxg2 29. Kxg2 Nc4 30. Reb1 Kc6 31. Bc1 Bd8 32. Ne3 Nxe3+ 33. Bxe3 Bc7 34. e5 Rf5 35. exd6 Kxd6 36. c4 Kc6 37. Re1 Rxh2+ 38. Kf1 g3 39. Re2 gxf2 40. Rxf2 Rhxf2+ 41. Bxf2 Bg3 42. Rb2 Kd6 43. Re2 Bxf2 44. Rxf2 Ke5 45. Rxf5+ exf5 46. Ke2 Kd4 0-1

[Event "Late-Titled-Tuesday-Blitz-February-20-2024"]
[Site "Chess.com"]
[Date "2024.02.20"]
[Round "10"]
[White "MusicCityMaster"]
[Black "Goryachkina"]
[Result "1-0"]
[WhiteElo "2577"]
[BlackElo "2694"]
[TimeControl "180+1"]
[EndTime "15:54:58 PST"]
[Termination "MusicCityMaster won by resignation"]

1. d4 Nf6 2. c4 e6 3. Nf3 d5 4. Nc3 dxc4 5. e4 b5 6. a4 b4 7. e5 Nd5 8. Ne4 Ba6 9. Be2 Nd7 10. O-O Be7 11. b3 O-O 12. bxc4 Nc3 13. Nxc3 bxc3 14. Qc2 c5 15. d5 exd5 16. cxd5 Bxe2 17. Qxe2 Re8 18. Qd3 Qa5 19. Qf5 Nf8 20. Be3 g6 21. Qc2 Nd7 22. h4 Bf8 23. Bf4 Nb6 24. Rfd1 Rad8 25. d6 Nd7 26. h5 Bg7 27. hxg6 hxg6 28. Re1 Rb8 29. Qe4 Rb4 30. Qe3 c2 31. Ng5 Nxe5 32. Bxe5 Rxe5 33. Qh3 Rxg5 34. Re8+ Bf8 35. Rxf8+ 1-0

[Event "Late-Titled-Tuesday-Blitz-February-20-2024"]
[Site "Chess.com"]
[Date "2024.02.20"]
[Round "10"]
[White "KorolDimitriy75"]
[Black "dennisodessa"]
[Result "0-1"]
[WhiteElo "2425"]
[BlackElo "2586"]
[TimeControl "180+1"]
[EndTime "15:54:58 PST"]
[Termination "dennisodessa won on time"]

1. d4 Nf6 2. c4 e6 3. Nc3 Bb4 4.
Qc2 Nc6 5. Nf3 d6 6. e4 O-O 7. Bd3 e5 8. d5 Nd4 9. Nxd4 exd4 10. a3 Bxc3+ 11. bxc3 dxc3 12. O-O Re8 13. f3 Nd7 14.
Qxc3 a5 15. Bb2 f6 16. f4 Nc5 17. Rae1 Na4 18. Qc2 Nxb2 19. Qxb2 Qe7 20. c5 Rb8 21. cxd6 cxd6 22. a4 b6 23. Qd4 Bd7 24. Rb1 Qd8 25.
Rfc1 Rb7 26. h3 Qb8 27. Bb5 Bxb5 28. Rxb5 Rc8 29. Rc6 Rbc7 30. Rbxb6 Rxc6 31. Rxb8 Rc1+ 32.
Kh2 Rxb8 33. Qa7 Rbb1 34. Qxa5 h5 35. h4 Rh1+ 36. Kg3 Rb3+ 37. Kf2 Rc1 0-1

[Event "Late-Titled-Tuesday-Blitz-February-20-2024"]
[Site "Chess.com"]
[Date "2024.02.20"]
[Round "10"]
[White "rcmz"]
[Black "David_George21"]
[Result "0-1"]
[WhiteElo "2200"]
[BlackElo "2392"]
[TimeControl "180+1"]
[EndTime "15:54:58 PST"]
[Termination "David_George21 won on time"]

1. b4 e5 2. Bb2 f6 3. b5 d5 4.
e3 Be6 5. Nf3 Bd6 6. h3 Ne7 7.
d3 O-O 8. Be2 c5 9. c4 d4 10.
exd4 exd4 11. Nbd2 Nd7 12. Ne4 Bc7 13. O-O b6 14. Bc1 Nf5 15. Bd2 Ne5 16. Nxe5 Bxe5 17. f4 Bc7 18. g4 Nd6 19. Bf3 Nxe4 20. Bxe4 Rb8 21. f5 Bc8 22. Qf3 a6 23. bxa6 Bxa6 24. a4 Re8 25. Rae1 Be5 26. Bf4 Qd6 27. Bxe5 Rxe5 28. Bd5+ Kh8 29. Rxe5 Qxe5 30. Qe4 Re8 31.
Rf3 Qb8 32. Qf4 Re1+ 33. Kf2 Qe8 34. Be6 Ra1 35. Qd6 Bb7 36. Rf4 Rxa4 37. Qxb6 Ra2+ 38. Kg3 Rg2+ 39. Kh4 Qe7 40. Rf1 g5+ 0-1

[Event "Late-Titled-Tuesday-Blitz-February-20-2024"]
[Site "Chess.com"]
[Date "2024.02.20"]
[Round "10"]
[White "katharinareinecke"]
[Black "jinxy2009"]
[Result "1-0"]
[WhiteElo "1999"]
[BlackElo "2175"]
[TimeControl "180+1"]
[EndTime "15:54:58 PST"]
[Termination "katharinareinecke won on time"]

1. e4 c6 2. Nf3 d5 3. d3 dxe4 4.
dxe4 Qxd1+ 5. Kxd1 Nf6 6. Nfd2 g5 7. h4 g4 8. f3 h5 9. Nc3 Bh6 10. e5 Nd5 11. Nxd5 cxd5 12. Nb3 Bxc1 13. Rxc1 Nc6 14.
f4 Bf5 15. c3 O-O-O 16. Nd4 Nxd4 17. cxd4+ Kb8 18. Kd2 Rc8 19. Be2 e6 20. g3 Be4 21.
Rhg1 Rc6 22. Rxc6 bxc6 23. Rc1 Rc8 24. Rc5 Kb7 25. a3 Kb6 26. b4 Rc7 27. Ra5 Kb7 28.
Ba6+ Kb6 29. Be2 f6 30. Rc5 fxe5 31. fxe5 Rf7 32. a4 Rf2 33. a5+ Kb7 34. Ke3 Rg2 35. a6+ Kb6 36. b5 Rxg3+ 37. Kd2 cxb5 38. Rxb5+ Kc6 39.
Rc5+ Kb6 40. Rb5+ Kc6 41. Rc5+ Kd7 42. Rb5 Ra3 43. Rb7+ Kc6 44. Rxa7 g3 45. Re7 g2 46.
Rg7 Ra2+ 47. Ke3 Ra1 48. Kf2 Ra2 49. a7 Bd3 50. a8=Q+ Rxa8 51. Bxd3 1-0

[Event "Late-Titled-Tuesday-Blitz-February-20-2024"]
[Site "Chess.com"]
[Date "2024.02.20"]
[Round "10"]
[White "TemploVillamarin"]
[Black "Doublekk14"]
[Result "0-1"]
[WhiteElo "2180"]
[BlackElo "2309"]
[TimeControl "180+1"]
[EndTime "15:54:59 PST"]
[Termination "Doublekk14 won by resignation"]

1. d4 Nf6 2. Nc3 d5 3. e4 dxe4 4. f3 exf3 5. Nxf3 e6 6. Bd3 Be7 7. O-O Nc6 8. Be3 Ng4 9. Qe2 Nxe3 10. Qxe3 Bf6 11. Ne2 Bd7 12. c3 Qe7 13. Ng3 g6 14.
Ne4 Bg7 15. b4 a6 16. a4 h6 17. Nc5 Bc8 18. b5 axb5 19. axb5 Rxa1 20. Rxa1 Nxd4 21. cxd4 O-O 22. Ra8 b6 23. Ne4 Qb4 24. h3 Rd8 25. Ne5 Rf8 26. Nc6 Qb2 27. Kh2 Bb7 28.
Ne7+ Kh7 29. Rxf8 Bxf8 30. Nc6 Bxc6 31. bxc6 f5 32. Nf6+ Kg7 33. Qxe6 Bd6+ 34. Kg1 Qxd4+ 35. Kh1 Qa1+ 36. Bb1 Qxb1+ 0-1

[Event "Late-Titled-Tuesday-Blitz-February-20-2024"]
[Site "Chess.com"]
[Date "2024.02.20"]
[Round "10"]
[White "esteban062000"]
[Black "Viktor_Poddubnyi"]
[Result "1-0"]
[WhiteElo "2163"]
[BlackElo "2227"]
[TimeControl "180+1"]
[EndTime "15:55:00 PST"]
[Termination "esteban062000 won on time"]

1. e4 g6 2. d4 Bg7 3. Nf3 d6 4. Nc3 Nf6 5. Bd3 Nc6 6. h3 O-O 7. a3 e5 8. d5 Ne7 9. Bg5 h6 10. Be3 c6 11. dxc6 bxc6 12. Qd2 Kh7 13. g4 d5 14. g5 Nxe4 15. Nxe4 dxe4 16. Bxe4 Qxd2+ 17.
Bxd2 Nd5 18. gxh6 Bxh6 19. Bxh6 Kxh6 20. O-O-O Re8 21. Rhe1 f6 22. Nh4 Rg8 23. Bxd5 cxd5 24. Rxd5 g5 25. Nf3 Bb7 26. Rd6 Rg6 27. Nd2 Kh5 28. Ne4 Rf8 29. Nc5 Bg2 30. Ne6 Re8 31.
Nc7 Rc8 32. Nb5 a6 33. Nc3 Bxh3 34. Rh1 g4 35. Ne4 f5 36. Ng3+ Kg5 37. Rd5 1-0

[Event "Late-Titled-Tuesday-Blitz-February-20-2024"]
[Site "Chess.com"]
[Date "2024.02.20"]
[Round "10"]
[White "Abund"]
[Black "ninguno46"]
[Result "1-0"]
[WhiteElo "2771"]
[BlackElo "2524"]
[TimeControl "180+1"]
[EndTime "15:55:03 PST"]
[Termination "Abund won on time"]

1. b3 e5 2. Bb2 Nc6 3. c4 d6 4. e3 g6 5. d4 exd4 6. exd4 Bg7 7. Nf3 Nge7 8. Be2 d5 9. O-O O-O 10. c5 Bg4 11. Nbd2 Re8 12. h3 Bf5 13. a3 a5 14.
Bb5 Bd7 15. Bd3 Nf5 16. Bxf5 Bxf5 17. Bc3 Qd7 18. b4 Bd3 19. Re1 axb4 20. axb4 Rxe1+ 21. Nxe1 Rxa1 22. Qxa1 Bf5 23. b5 Nd8 24. Qa5 h5 25. Nef3 f6 26. Nf1 Bd3 27. Ne3 c6 28. bxc6 Nxc6 29. Qb6 Kh7 30. Qb3 Be4 31. Nd2 Bh6 32.
Nxe4 dxe4 33. d5 Bxe3 34. dxc6 Bxf2+ 35. Kxf2 bxc6 36. Qc4 Qf5+ 37. Ke2 1-0

[Event "Late-Titled-Tuesday-Blitz-February-20-2024"]
[Site "Chess.com"]
[Date "2024.02.20"]
[Round "10"]
[White "Inepton_Fermion"]
[Black "Zq1"]
[Result "0-1"]
[WhiteElo "2396"]
[BlackElo "2502"]
[TimeControl "180+1"]
[EndTime "15:55:03 PST"]
[Termination "Zq1 won on time"]

1. Nf3 Nf6 2. b3 g6 3. Bb2 Bg7 4.
g3 d6 5. d4 c5 6. Bg2 cxd4 7.
Nxd4 O-O 8. O-O a6 9. c4 Qc7 10. Nc3 Nc6 11. Rc1 Nxd4 12. Qxd4 Be6 13. Nd5 Bxd5 14. cxd5 Qa5 15. Qc3 Qxc3 16. Bxc3 Rfc8 17. Bd4 Ne8 18. Bxg7 Kxg7 19. Bh3 f5 20. e4 Kf6 21.
exf5 gxf5 22. Rfe1 Nc7 23. Bg2 h5 24. Rc4 b5 25.
Rc6 Ne8 26. Re6+ Kf7 27. Rh6 Ng7 28. Bf3 Rxc6 29. dxc6 Rc8 30. Bxh5+ Nxh5 31. Rxh5 Kg6 32. Rh4 Rxc6 33. Kg2 e5 34. a4 e4 35. axb5 axb5 36.
g4 Kg5 37. Rh8 Kxg4 38. Rg8+ Kf4 39. h4 Rc7 40. Kh3 d5 41. Rg7 Rxg7 0-1

[Event "Late-Titled-Tuesday-Blitz-February-20-2024"]
[Site "Chess.com"]
[Date "2024.02.20"]
[Round "10"]
[White "IngOscarArdila"]
[Black "Eloist"]
[Result "0-1"]
[WhiteElo "2275"]
[BlackElo "2471"]
[TimeControl "180+1"]
[EndTime "15:55:03 PST"]
[Termination "Eloist won by resignation"]

1. d4 e6 2. c4 Nf6 3. Nc3 Bb4 4. Qc2 c5 5. Nf3 cxd4 6. Nxd4 Nc6 7. Nxc6 bxc6 8. a3 Be7 9. e4 e5 10. Be2 O-O 11.
b4 a5 12. b5 cxb5 13. cxb5 Bb7 14. O-O Rc8 15. Bf3 d5 16. exd5 e4 17. Be2 Nxd5 18. Bb2 Bf6 19. Rfd1 Bxc3 20. Rxd5 Qxd5 21. Bxc3 Qc5 22. Rc1 e3 23. f3 Qxa3 24. Bd3 h6 25.
Bh7+ Kh8 26. Bf5 Rce8 27. Ra1 Qe7 28. Qb2 f6 29. Bg6 Rc8 30. Bxa5 e2 31. Re1 Qe3+ 32. Kh1 Bxf3 33. gxf3 Qxf3+ 34. Kg1 Qg4+ 35. Kf2 Qxg6 36.
Rxe2 Qf5+ 37. Ke1 Rfe8 38. b6 Rxe2+ 39. Qxe2 Qb1+ 40. Kf2 Rc2 41. b7 Rxe2+ 42. Kxe2 Qxb7 0-1

[Event "Late-Titled-Tuesday-Blitz-February-20-2024"]
[Site "Chess.com"]
[Date "2024.02.20"]
[Round "10"]
[White "pfalcon1949"]
[Black "martinmena"]
[Result "0-1"]
[WhiteElo "2012"]
[BlackElo "2197"]
[TimeControl "180+1"]
[EndTime "15:55:03 PST"]
[Termination "martinmena won by checkmate"]

1. e4 c6 2. d4 d5 3. e5 Bf5 4. h4 h5 5. Bg5 Qa5+ 6. c3 e6 7. Bd3 Bxd3 8. Qxd3 Qa6 9. Qxa6 Nxa6 10. Nf3 Ne7 11.
O-O Nf5 12. Nbd2 Be7 13. Bxe7 Kxe7 14. Rac1 b5 15. a3 Nc7 16. Nb3 a5 17. Nc5 Rhb8 18. b4 axb4 19. axb4 Ra3 20. Rc2 Rba8 21. Rfc1 R8a7 22.
Ne1 Nxh4 23. Ned3 Na6 24. Nxa6 R7xa6 25. Nc5 Ra7 26. f3 Nf5 27. Kf2 Ra2 28. g4 hxg4 29.
fxg4 Nh6 30. Kg3 g6 31. Nd3 Rxc2 32. Rxc2 Ra3 33. Kh4 Ng8 34. Kg5 Kf8 35. Nc5 Kg7 36.
Nd7 Ra7 37. Nb8 Ne7 38. Kf4 Kf8 39. Ke3 Ke8 40. Rh2 Kd8 41. Rh7 Ra8 42. Rh8+ Kc7 43. Re8 Nc8 44. Rf8 Kxb8 45. Rxf7 Ra7 46. Rg7 Rxg7 47. Kf4 g5+ 48. Kg3 Rf7 49. Kg2 Nb6 50. Kg3 Nc4 51. Kg2 Ne3+ 52. Kg3 Nf1+ 53. Kg2 Nd2 54. Kg3 Ne4+ 55. Kg2 Rf2+ 56. Kg1 Rf3 57.
Kg2 Rg3+ 58. Kf1 Rxg4 59. Ke2 Rf4 60. Kd3 Rf3+ 61. Kc2 Rxc3+ 62. Kb2 g4 63. Kb1 g3 64. Kb2 g2 65. Kb1 g1=Q+ 66. Kb2 Qc1+ 67. Ka2 Ra3# 0-1

[Event "Late-Titled-Tuesday-Blitz-February-20-2024"]
[Site "Chess.com"]
[Date "2024.02.20"]
[Round "10"]
[White "Teidi96"]
[Black "ArchibaldCerveza29"]
[Result "1-0"]
[WhiteElo "2276"]
[BlackElo "2416"]
[TimeControl "180+1"]
[EndTime "15:55:05 PST"]
[Termination "Teidi96 won by resignation"]

1. e4 c5 2. c3 d6 3. d4 Nf6 4. Bd3 g6 5. Nf3 Nc6 6. O-O Bg7 7. h3 O-O 8. Be3 cxd4 9. cxd4 e5 10. d5 Nb4 11.
Nc3 Nxd3 12. Qxd3 Nd7 13. Nd2 f5 14. f3 Nf6 15. Rac1 a6 16. Na4 b5 17. Nb6 Rb8 18.
Nxc8 Rxc8 19. Nb3 Qd7 20. Na5 h6 21. Rc6 Rxc6 22. dxc6 Qc7 23. b4 Rd8 24. exf5 g5 25. h4 gxh4 26. Bf2 h3 27. g4 d5 28. Bg3 Qb6+ 29. Kh2 e4 30. fxe4 dxe4 31. Qb3+ Kh8 32. Rd1 Nxg4+ 33. Kxh3 h5 34. Rxd8+ Qxd8 35. Qf7 Qd1 36.
Qxh5+ Kg8 37. Qxg4 Qh1+ 38. Bh2 Qf1+ 39. Kh4 Qf2+ 40.
Bg3 Qg1 41. c7 Kh7 42. Qh5+ Bh6 43. Qf7+ Bg7 44. Qh5+ Bh6 45. Qg6+ 1-0

[Event "Late-Titled-Tuesday-Blitz-February-20-2024"]
[Site "Chess.com"]
[Date "2024.02.20"]
[Round "10"]
[White "Polstastisch"]
[Black "Pelusiansky"]
[Result "0-1"]
[WhiteElo "2419"]
[BlackElo "2580"]
[TimeControl "180+1"]
[EndTime "15:55:09 PST"]
[Termination "Pelusiansky won on time"]

1. e4 c6 2. Nc3 d5 3. Nf3 Bg4 4. h3 Bh5 5. exd5 cxd5 6. Bb5+ Nc6 7. g4 Bg6 8. Ne5 Rc8 9. d4 e6 10. h4 f6 11. Nxg6 hxg6 12. Bd3 Nge7 13. Ne2 Nb4 14. Bb5+ Kf7 15. c3 a6 16. Ba4 b5 17. cxb4 bxa4 18.
Qxa4 Qb6 19. Bd2 Nc6 20. Qc2 Bxb4 21. h5 Ne5 22. Qb3 Bxd2+ 23. Kxd2 Nc4+ 24. Ke1 Qa5+ 25. Qc3 Qxc3+ 26. bxc3 gxh5 27. gxh5 Rb8 28. Nc1 Nd6 29. Nd3 Ne4 30. Rc1 Rhc8 31. f3 Nxc3 32. Kf2 Nb5 33. Ke3 Rh8 34. Rc5 Rb7 35. a4 Nd6 36. Rh4 Nf5+ 0-1

[Event "Late-Titled-Tuesday-Blitz-February-20-2024"]
[Site "Chess.com"]
[Date "2024.02.20"]
[Round "10"]
[White "STAYFlow"]
[Black "Bugcrusher"]
[Result "0-1"]
[WhiteElo "2358"]
[BlackElo "2501"]
[TimeControl "180+1"]
[EndTime "15:55:09 PST"]
[Termination "Bugcrusher won on time"]

1. e4 c6 2. Nf3 d5 3. Nc3 dxe4 4. Nxe4 Nf6 5. Qe2 Nxe4 6. Qxe4 Nd7 7. Bc4 Nf6 8. Ne5 e6 9. Qe2 b5 10. Bd3 Bb7 11.
a4 a6 12. O-O Bd6 13. b3 O-O 14. Bb2 Qc7 15. f4 Rad8 16. Rf3 Bc5+ 17. Kh1 Bd4 18. c3 Bb6 19. Rh3 g6 20. a5 Bc5 21. Bc2 Rfe8 22. Rf1 Bf8 23. c4 Bg7 24. Rc3 b4 25. Re3 c5 26. Nf3 Ng4 27. Bxg7 Nxe3 28. Be5 Bxf3 29. Qxf3 Qxa5 30. Qxe3 f5 31. Bb2 Qc7 32. d4 cxd4 33.
Bxd4 Rd7 34. Bb2 Qd6 35. Rd1 Qxd1+ 36. Bxd1 Rxd1+ 37. Qg1 Rxg1+ 38. Kxg1 a5 39. Kf2 a4 40. Ke3 a3 41. Ba1 Rd8 42. c5 Kf7 0-1

[Event "Late-Titled-Tuesday-Blitz-February-20-2024"]
[Site "Chess.com"]
[Date "2024.02.20"]
[Round "10"]
[White "sergiochess83"]
[Black "Njal28"]
[Result "0-1"]
[WhiteElo "2911"]
[BlackElo "2997"]
[TimeControl "180+1"]
[EndTime "15:55:11 PST"]
[Termination "Njal28 won on time"]

1. e4 e5 2. Nf3 Nc6 3. Bb5 a6 4. Ba4 d6 5. O-O Bd7 6. c3 Nge7 7. d4 Ng6 8. Re1 Be7 9. Be3 O-O 10. Nbd2 exd4 11.
cxd4 Nb4 12. Nf1 d5 13. e5 Bxa4 14. Qxa4 c5 15. dxc5 Nd3 16. Re2 Nxc5 17. Bxc5 Bxc5 18. Rd1 Re8 19. g3 Ne7 20. e6 fxe6 21. Ng5 Nc6 22. Nxe6 Qf6 23. Qg4 Ne5 24. Qf4 Rxe6 25.
Qxf6 gxf6 26. Kg2 Rae8 27. Rxd5 Bb6 28. Nd2 Ng4 29. Rxe6 Rxe6 30. Nc4 Bxf2 31. Rd8+ Kg7 32. Rd7+ Kg6 33. Rxb7 Bc5 34. b4 Bd4 35. a4 f5 36.
b5 axb5 37. axb5 Re2+ 38. Kf1 Rc2 39. Rc7 Nxh2+ 40. Ke1 Nf3+ 41. Kd1 Rc3 42. b6 Bxb6 43. Rc6+ Kg5 0-1

[Event "Late-Titled-Tuesday-Blitz-February-20-2024"]
[Site "Chess.com"]
[Date "2024.02.20"]
[Round "10"]
[White "KetiTsatsalashvili"]
[Black "laziestwin"]
[Result "0-1"]
[WhiteElo "2449"]
[BlackElo "2558"]
[TimeControl "180+1"]
[EndTime "15:55:11 PST"]
[Termination "laziestwin won on time"]

1. d4 d6 2. Nf3 Nf6 3. c4 g6 4. Nc3 Bg7 5. e4 O-O 6. Be2 e5 7. O-O Nc6 8. d5 Ne7 9. Nd2 Ne8 10. b4 f5 11. c5 f4 12. Bg4 h5 13. Bxc8 Nxc8 14.
f3 g5 15. Nc4 Kf7 16. Bb2 Bf6 17. Rc1 Be7 18. cxd6 cxd6 19. Qb3 Bf6 20. a4 g4 21. a5 Rg8 22. Kh1 Qd7 23. Qa4 Qe7 24. a6 Nb6 25. Nxb6 axb6 26. a7 Nc7 27. Nb5 Nxb5 28. Qxb5 Rxa7 29. Qxb6 Ra6 30. Qb5 Ra2 31. Qb6 Rxb2 32. Rc7 gxf3 33. Rxe7+ Bxe7 34. gxf3 Rgg2 35. Rb1 Rxh2+ 36. Kg1 Rbg2+ 37. Kf1 Rc2 38. Qg1 Bh4 39. Ra1 Rhf2+ 0-1

[Event "Late-Titled-Tuesday-Blitz-February-20-2024"]
[Site "Chess.com"]
[Date "2024.02.20"]
[Round "10"]
[White "vanyakuba"]
[Black "noblerone"]
[Result "0-1"]
[WhiteElo "2400"]
[BlackElo "2511"]
[TimeControl "180+1"]
[EndTime "15:55:12 PST"]
[Termination "noblerone won by checkmate"]

1. e4 c5 2. c3 Nf6 3. e5 Nd5 4. g3 e6 5. Nf3 b6 6. Bg2 Bb7 7.
O-O d6 8. exd6 Bxd6 9. d4 c4 10.
a4 Nd7 11. Nbd2 Rc8 12. Ne4 Be7 13. Re1 O-O 14. Ne5 Nxe5 15. dxe5 Qc7 16. Qh5 g6 17.
Qh6 Qxe5 18. Bg5 Bxg5 19. Nxg5 Qg7 20. Qh3 Rc7 21. a5 b5 22. a6 Bc8 23. Bxd5 exd5 24.
Qg2 h6 25. Nf3 Be6 26. Nd4 Re8 27. Nxb5 Rce7 28. Nd4 Bc8 29. Rxe7 Rxe7 30. Qxd5 Qf8 31. Qxc4 Bh3 32. Qd3 Qe8 33. Qd2 Qa8 34. f3 Qe8 35.
Qf2 Qd7 36. g4 h5 37. Qg3 hxg4 38. fxg4 Bxg4 39. Re1 Rxe1+ 40. Qxe1 Bh3 41. Qg3 Kg7 42. Qe5+ Kg8 43. Qg3 Bg4 44. Kf2 Bd1 45. Qe3 Qg4 46.
Ke1 Ba4 47. Kd2 Qd1# 0-1

[Event "Late-Titled-Tuesday-Blitz-February-20-2024"]
[Site "Chess.com"]
[Date "2024.02.20"]
[Round "10"]
[White "Statham_01"]
[Black "HamedWafa4"]
[Result "1-0"]
[WhiteElo "2609"]
[BlackElo "2714"]
[TimeControl "180+1"]
[EndTime "15:55:13 PST"]
[Termination "Statham_01 won on time"]

1. Nc3 c5 2. e4 Nc6 3. Bb5 Nd4 4.
Nf3 a6 5. Bd3 g6 6. O-O Bg7 7.
Nxd4 cxd4 8. Ne2 d6 9. c3 dxc3 10. dxc3 Nf6 11. h3 O-O 12. Be3 Bd7 13. f4 Bc6 14.
Ng3 Qc7 15. Qd2 Rfd8 16. c4 b5 17. cxb5 axb5 18. Rac1 Qb7 19. Bd4 Rxa2 20. f5 Ra4 21. b4 Raa8 22. h4 d5 23. e5 Ne4 24. Qe3 Ra3 25. e6 fxe6 26. Bxg7 Kxg7 27. fxe6 Nf6 28. Qd4 Rd6 29. h5 Rxe6 30. hxg6 hxg6 31. Bf5 gxf5 32.
Nxf5+ Kf7 33. Qh4 Qc8 34. Nd4 Ke8 35. Qh8+ Kd7 36. Qh3 1-0

[Event "Late-Titled-Tuesday-Blitz-February-20-2024"]
[Site "Chess.com"]
[Date "2024.02.20"]
[Round "10"]
[White "kleopl"]
[Black "jk13"]
[Result "0-1"]
[WhiteElo "2513"]
[BlackElo "2696"]
[TimeControl "180+1"]
[EndTime "15:55:14 PST"]
[Termination "jk13 won by resignation"]

1. e4 e5 2. Nf3 Nc6 3. c3 d5 4.
Qa4 Bd7 5. exd5 Nd4 6. Qd1 Nxf3+ 7. Qxf3 Nf6 8. c4 e4 9. Qb3 Bc5 10. Be2 O-O 11. O-O Re8 12. Qg3 Bd6 13. Qh4 a6 14.
Nc3 Bf5 15. b3 h6 16. Bb2 Kh7 17. Nd1 g5 18. Bxf6 Qxf6 19. Qh5 Bg6 20. Qh3 Qxa1 21. Ne3 Qg7 22. Bg4 Re5 23. f4 gxf4 24. Rxf4 Rg5 25. Rf1 Rg8 26. Kh1 Kh8 27. Bf5 Bc5 28. Bd7 Bxe3 29.
dxe3 Kh7 30. Qh4 Qe5 31. Qf2 Rg7 32. Bh3 Kg8 33. Qh4 Bh5 34. Qf2 Bg4 35. Bxg4 Rxg4 36.
g3 h5 37. Rg1 h4 38. d6 cxd6 39. c5 dxc5 40. Rd1 hxg3 41. Qg2 Rh4 42. h3 Qf5 43. Kg1 Rxh3 44. a3 Rgh7 45. Rd8+ Kg7 46. Qb2+ f6 0-1

[Event "Late-Titled-Tuesday-Blitz-February-20-2024"]
[Site "Chess.com"]
[Date "2024.02.20"]
[Round "10"]
[White "jodarmarlon1985"]
[Black "cthulhuuu"]
[Result "1-0"]
[WhiteElo "2281"]
[BlackElo "2412"]
[TimeControl "180+1"]
[EndTime "15:55:15 PST"]
[Termination "jodarmarlon1985 won on time"]

1. e4 d6 2. d4 Nf6 3. Nc3 c6 4. Nf3 Bg4 5. Be2 e6 6. O-O d5 7. exd5 Bxf3 8. Bxf3 cxd5 9. Ne2 Bd6 10. Ng3 Nc6 11. Re1 O-O 12. c3 Rc8 13. Bg5 h6 14. Bc1 Nh7 15. Be2 a6 16. Bd3 b5 17. Bc2 Qd7 18.
Nh5 b4 19. Qg4 f5 20. Qg6 Rce8 21. Bxh6 Qf7 22. Qxf7+ Rxf7 23. Bf4 Be7 24. Rxe6 Rc8 25. Rae1 bxc3 26. bxc3 g5 27. Bd2 Nxd4 28. cxd4 Rxc2 29. Rxe7 Rxd2 30. Re8+ Rf8 31. R8e6 Rxd4 32. Rg6+ Kh8 33.
Rxa6 Re4 34. Rb1 Rfe8 35. h3 Re1+ 36. Rxe1 Rxe1+ 37. Kh2 Kg8 38. a4 Re2 39. Kg3 Ra2 40. a5 Ra3+ 41. f3 Ra2 42. Rg6+ Kh8 43. a6 Nf8 44. Rd6 Kh7 45. Nf6+ Kg6 46. Nxd5+ 1-0

[Event "Late-Titled-Tuesday-Blitz-February-20-2024"]
[Site "Chess.com"]
[Date "2024.02.20"]
[Round "10"]
[White "Capablanca_Oujda_2021"]
[Black "Rashad_Zeynalli"]
[Result "0-1"]
[WhiteElo "2506"]
[BlackElo "2649"]
[TimeControl "180+1"]
[EndTime "15:55:16 PST"]
[Termination "Rashad_Zeynalli won on time"]

1. d4 d5 2. Nf3 Nf6 3. Bf4 c5 4. e3 Nc6 5. c3 Qb6 6. Qb3 c4 7.
Qxb6 axb6 8. Nbd2 h6 9. Be2 Bf5 10. O-O e6 11. Ne5 g5 12. Bg3 Be7 13. Nxc6 bxc6 14.
Be5 O-O 15. Bf3 Nd7 16. Bg3 b5 17. a3 Bd3 18. Rfe1 Nb6 19. e4 Rfe8 20. Bc7 Na4 21.
Ra2 Bf8 22. Be5 f5 23. exf5 exf5 24. Rc1 g4 25. Bd1 Bg7 26. Bxa4 bxa4 27. f4 Bxe5 28. dxe5 Rab8 29. b4 axb3 30. Rb2 Ra8 31. Ra1 Ra4 32. Kf2 Rea8 33. Ke3 Rxa3 34. Nxb3 Rxa1 35. Nxa1 Rxa1 36.
Kd4 Rb1 37. Ra2 Rb5 38. Ra7 Be4 39. e6 Kf8 40. Ke5 Rb8 41. Kf6 d4 42. Rb7 Rxb7 43. cxd4 c3 0-1

[Event "Late-Titled-Tuesday-Blitz-February-20-2024"]
[Site "Chess.com"]
[Date "2024.02.20"]
[Round "10"]
[White "NCchamp"]
[Black "Atousa"]
[Result "0-1"]
[WhiteElo "2337"]
[BlackElo "2459"]
[TimeControl "180+1"]
[EndTime "15:55:17 PST"]
[Termination "Atousa won by checkmate"]

1. d4 Nf6 2. Bg5 d5 3. Bxf6 exf6 4. e3 c6 5. c4 dxc4 6. Bxc4 Bd6 7. Nc3 O-O 8. Nf3 Nd7 9. O-O f5 10. Qc2 Nf6 11.
Rad1 g6 12. Ne5 Qe7 13. f4 Be6 14. Qb3 Bxc4 15. Qxc4 Rad8 16. h3 Ne4 17. Nxe4 fxe4 18. a3 Kg7 19. Qc3 f6 20. Nc4 Bc7 21. b4 Rd5 22.
Rc1 h5 23. Nd2 a5 24. Rb1 axb4 25. axb4 Rb5 26. Qc2 Re8 27. Rb3 Rxb4 28. Rxb4 Qxb4 29. Rb1 Qa3 30. Rb3 Qa1+ 31. Rb1 Qa7 32. Nxe4 Qa3 33. Rb3 Qa1+ 34. Kf2 b5 35. Rc3 Ra8 36. Qd3 Ra2+ 37. Rc2 Qb1 38. Rxa2 Qxd3 39. Nc5 Qf5 40. g3 Kh6 41.
Kg2 Qd5+ 42. Kf2 Qxa2+ 43. Kf3 Qa1 44. Ne4 Qh1+ 45. Kf2 Qxe4 46. Kg1 b4 47. Kh2 b3 48.
Kg1 b2 49. Kh2 b1=Q 50. g4 Qbh1+ 51. Kg3 Qef3+ 52. Kh4 Qhxh3# 0-1

[Event "Late-Titled-Tuesday-Blitz-February-20-2024"]
[Site "Chess.com"]
[Date "2024.02.20"]
[Round "10"]
[White "vugarrasulov"]
[Black "Duhless"]
[Result "0-1"]
[WhiteElo "2936"]
[BlackElo "3093"]
[TimeControl "180+1"]
[EndTime "15:55:19 PST"]
[Termination "Duhless won by resignation"]

1. e4 c5 2. Nf3 d6 3. d4 cxd4 4. Nxd4 Nf6 5. Nc3 Nc6 6. f3 e5 7.
Nb3 Be7 8. Be3 O-O 9. Qe2 a5 10. a4 Be6 11. O-O-O Nb4 12. Kb1 Rc8 13. Qb5 d5 14.
Bb6 Qe8 15. Qxe8 Rfxe8 16. Bxa5 d4 17. Bxb4 Bxb4 18. Na2 Be7 19. Bb5 Red8 20. Nac1 Ne8 21. Nd3 f6 22. f4 Bd6 23. fxe5 fxe5 24. Na5 Rc7 25. b3 Nf6 26. Rhe1 Bg4 27. Rd2 Bh5 28.
h3 Bg6 29. Rde2 Nh5 30. Nc4 Ng3 31. Ndxe5 Nxe2 32. Rxe2 Bxe5 33. Nxe5 Be8 34. Bc4+ Kf8 35. Kb2 Ke7 36. Bd5 Kf6 37. Nf3 Bf7 38. e5+ Ke7 39.
Bxf7 Kxf7 40. Re4 d3 41. cxd3 Rxd3 42. a5 Rd5 43. b4 Rd3 44. Nd4 Rc4 45. Rf4+ Kg8 46.
e6 Rdxd4 47. e7 Rd2+ 48. Kb3 Rc8 49. b5 Re2 50. Rc4 Rxc4 51. Kxc4 Kf7 52. Kc5 Re6 53.
a6 bxa6 54. b6 Rxe7 0-1

[Event "Late-Titled-Tuesday-Blitz-February-20-2024"]
[Site "Chess.com"]
[Date "2024.02.20"]
[Round "10"]
[White "gahryman"]
[Black "Tunahan_Makaraci"]
[Result "0-1"]
[WhiteElo "2684"]
[BlackElo "2538"]
[TimeControl "180+1"]
[EndTime "15:55:22 PST"]
[Termination "Tunahan_Makaraci won on time"]

1. e4 Nf6 2. e5 Nd5 3. d4 d6 4. c4 Nb6 5. f4 dxe5 6. fxe5 Bf5 7. Nc3 e6 8. Be3 Bb4 9. Nf3 c5 10. a3 Bxc3+ 11. bxc3 Nc6 12. Be2 O-O 13. O-O Na5 14. Nd2 Bg6 15. Rc1 Rc8 16. Qe1 Qd7 17. h4 h6 18. Qg3 Kh8 19. h5 Bh7 20. Rf4 cxd4 21.
cxd4 Nd5 22. Rff1 Nxe3 23. Qxe3 Rcd8 24. Nf3 Bf5 25. d5 exd5 26. cxd5 Qxd5 27. Rc5 Qb3 28. Qxb3 Nxb3 29. Rb5 Be6 30. Rxb7 a5 31. Ra7 Bg4 32. e6 fxe6 33. Ne5 Bxe2 34. Rff7 Rd1+ 35. Kh2 Rxf7 36. Nxf7+ Kg8 37. Ne5 Bxh5 38. g4 Re1 39. Ra8+ Kh7 40.
Nd7 Re2+ 41. Kg3 Bf7 42. Nf8+ Kg8 43. Nxe6+ Be8 0-1